 Dungeon Crawl Stone Soup version 0.25-b1-23-ge2ad7d536c (webtiles) character file.

Game seed: 16710976376000444281, levelgen mode: deterministic

19476 dorian the Destroyer (level 12, -6/83 HPs)
             Began as a Black Draconian Fire Elementalist on June 3, 2020.
             Was an Elder of Vehumet.
             Shot with an arrow by a centaur (8 damage)
             ... on level 2 of the Orcish Mines.
             The game lasted 01:02:04 (20234 turns).

dorian the Destroyer (DrFE)                        Turns: 20234, Time: 01:02:04

Health: -6/83      AC: 18    Str: 11    XL:     12   Next: 36%
Magic:  9/25       EV: 12    Int: 20    God:    Vehumet [****..]
Gold:   1302       SH:  0    Dex: 12    Spells: 4/30 levels left

rFire    + . .     SeeInvis .   e - +3 dagger (venom)
rCold    x . .     Gourm    .   (no shield)
rNeg     . . .     Faith    .   (armour unavailable)
rPois    .         Spirit   .   r - +2 hat
rElec    +         Reflect  .   p - +2 cloak
rCorr    .         Harm     .   s - +0 pair of gloves
MR       .....                  (no boots)
Stlth    ++........             (no amulet)
HPRegen  0.23/turn              w - ring of fire
MPRegen  0.19/turn              y - +4 ring of protection

@: no status effects
A: breathe lightning, unfitting armour, electricity resistance, cold-blooded, AC
+8
a: Breathe Lightning, Renounce Religion


You were on level 2 of the Orcish Mines.
You worshipped Vehumet.
Vehumet was greatly pleased with you.
You were hungry.

You visited 4 branches of the dungeon, and saw 16 of its levels.

You collected 1302 gold pieces.

Inventory:

Hand Weapons
 e - a +3 dagger of venom (weapon)
 J - a +2 vampiric trident
Armour
 p - a +2 cloak (worn)
 r - a +2 hat (worn)
 s - a +0 pair of gloves (worn)
Jewellery
 q - an uncursed ring of protection from magic
 w - a ring of fire (left hand)
 x - an uncursed ring of protection from cold
 y - a +4 ring of protection (right hand)
Wands
 C - a wand of random effects (9)
 E - a wand of iceblast (24)
 G - a wand of enslavement (4)
Scrolls
 c - 4 scrolls of enchant armour
 d - 4 scrolls of identify
 f - a scroll of immolation
 g - 2 scrolls of fear
 h - 5 scrolls of amnesia
 k - 6 scrolls of remove curse
 l - 2 scrolls of blinking
 m - 3 scrolls of teleportation
 v - 2 scrolls of fog
 D - a scroll of random uselessness {unknown}
 F - a scroll of noise {unknown}
 H - a scroll of vulnerability {unknown}
Potions
 a - 4 potions of flight
 i - 3 potions of haste
 j - a potion of might {unknown}
 n - a potion of berserk rage
 t - 4 potions of stabbing
 u - a potion of invisibility {unknown}
 z - a potion of ambrosia
 A - a potion of cancellation
 I - a potion of mutation {unknown}
Comestibles
 b - 20 rations


   Skills:
 + Level 1.1 Fighting
 + Level 2.1 Dodging
 - Level 1.7 Stealth
 + Level 9.7 Spellcasting
 * Level 14.1 Conjurations
 + Level 10.7 Fire Magic


You had 4 spell levels left.
You knew the following spells:

 Your Spells              Type           Power        Failure   Level  Hunger
a - Foxfire               Conj/Fire      ####         1%          1    None
b - Conjure Flame         Conj/Fire      ######..     1%          3    None
c - Sticky Flame          Conj/Fire      ######..     1%          4    ##.....
d - Stone Arrow           Conj/Erth      #####.       1%          3    None
e - Fireball              Conj/Fire      ######....   1%          5    #####..
f - Orb of Destruction    Conj           ######....   5%          7    #######
g - Mephitic Cloud        Conj/Pois/Air  ####....     1%          3    None

Your spell library contained the following spells:

 Spells                   Type           Power        Failure   Level  Hunger
 Sandblast                Erth           #.....       1%          1    None
 Inner Flame              Hex/Fire       #####...     1%          3    None
 Passwall                 Tmut/Erth      #.......     11%         2    None
 Petrify                  Tmut/Erth      #.......     56%         4    ##.....
 Bolt of Magma            Conj/Fire/Erth ######....   1%          5    #####..
 Iskenderun's Battlesphe  Conj/Chrm      #####...     3%          5    #####..
 Iron Shot                Conj/Erth      #####.....   16%         6    ######.
 Lee's Rapid Deconstruct  Erth           #.........   43%         5    #####..
 Spellforged Servitor     Conj/Summ      #####.....   61%         7    #######


Dungeon Overview and Level Annotations

Branches:
Dungeon (12/15)            Temple (1/1) D:7            Lair (1/6) D:11
    Orc (2/2) D:10            Elf (0/3) Orc:2

Altars:
Ashenzari
Dithmenos
Fedhas
Hepliaklqana
Makhleb
Nemelex Xobeh
Okawaru
Qazlal
Ru
Sif Muna
Trog
Uskayaw
Vehumet
Wu Jian
Xom
Yredelemnul
Zin
The Shining One

Shops:
D:6 [   D:7 =

Annotations:
Lair:1 Sonja
Orc:2 3 runed translucent doors, Vidiiot's ghost, journeyman DDFi


Innate Abilities, Weirdness & Mutations

You can breathe wild blasts of lightning.
Your glossy black scales are hard. (AC +8)
You cannot fit into any form of body armour.
You are resistant to electric shocks. (rElec)
You are cold-blooded and may be slowed by cold attacks.


Message History

Casting: Orb of Destruction (dangerous; 5% risk of failure)
Confirm with . or Enter, or press ? or * to list all spells.
Aiming: Fireball (mildly dangerous; 1% risk of failure)
Press: ? - help, Shift-Dir - straight line, p - orc knight You feel a surge of power!
The fireball explodes!
The fireball engulfs the orc knight!!
You kill the orc knight!
Vehumet accepts your kill.
You feel your power returning.
Your Fighting skill increases to level 1!
The centaur is too close now for your liking.
Casting: Fireball (mildly dangerous; 1% risk of failure)
Confirm with . or Enter, or press ? or * to list all spells.
Aiming: Fireball (mildly dangerous; 1% risk of failure)
Press: ? - help, Shift-Dir - straight line You feel a surge of power!
The fireball explodes!
The fireball engulfs the centaur!
The centaur is heavily wounded.
The centaur shoots an arrow.
The arrow hits you!
You die...

.# *#.....#* #####.[...##.....#
.##*#.......####.##.[c..####.#...
..#*.........##.....<...#..####.#
.###.........###....(.......#....
.#.##........###..<(.......#....#
..##.......^.#.#..(.........#...#
............................#....
.......##............#...........
........#.......@....##..........
......)###.....).....###.##......
........#.##........#.##.......##
.......)[....[......###.......#.#
.................................
)..)........................#...#
.#.<[[......................#...#
###.#..............#.......###.##
# ###........#.#...#....#..# *##


You could see a centaur.

Vanquished Creatures
  3 two-headed ogres
  3 death yaks (D:11)
  Nergalle (D:11)
  An orc knight (Orc:2)
  A cyclops (D:10)
  2 ugly things
  An orc sorcerer (Orc:2)
  A manticore (D:11)
  A centaur skeleton (D:12)
  A gargoyle (D:12)
  2 trolls (D:10)
  2 hornets
  A hippogriff (D:10)
  A meliai zombie (D:11)
  2 shadows (D:11)
  A wraith (D:10)
  Eustachio (D:6)
  4 yaks (D:10)
  3 hungry ghosts
  2 soldier ants (D:12)
  2 wargs (Orc:2)
  A water moccasin (D:10)
  4 porcupines
  21 orc warriors
  10 ice beasts
  8 ogres
  A phantom (D:10)
  A sky beast (D:7)
  2 black bears
  7 centaurs
  A big kobold (D:8)
  10 bullfrogs
  5 scorpions
  A wyvern skeleton (D:12)
  9 wights
  4 killer bees (D:10)
  2 howler monkeys (D:11)
  7 crimson imps
  2 centaur zombies
  A bullfrog zombie (D:10)
  5 jellies
  Crazy Yiuf (D:2)
  10 orc priests
  A gnoll shaman (D:4)
  7 hounds
  4 iguanas
  2 bullfrog skeletons
  12 orc wizards
  7 worker ants
  A hell rat (D:11)
  A killer bee zombie (D:6)
  2 hound skeletons
  A worker ant zombie (D:9)
  4 gnolls
  11 adders
  A river rat (D:11)
  A shadow imp (D:5)
  5 oozes (D:8)
  2 worms (D:2)
  4 dart slugs
  4 leopard geckos
  56 orcs
  3 ball pythons
  2 giant cockroaches
  11 hobgoblins
  10 jackals
  3 quokkas
  8 bats
  10 frilled lizards
  4 goblins
  A jackal skeleton (D:5)
  14 kobolds
  A leopard gecko skeleton (D:5)
  A leopard gecko zombie (D:5)
  A quokka skeleton (D:4)
  A quokka zombie (D:5)
  8 rats
  A spectral orc (D:6)
  A bush (D:2)
  A fungus (D:2)
356 creatures vanquished.

Vanquished Creatures (collateral kills)
  An orc priest (D:4)
1 creature vanquished.

Vanquished Creatures (others)
  897 foxfires
897 creatures vanquished.

Grand Total: 1254 creatures vanquished

Notes
Turn   | Place    | Note
-------+----------+-------------------------------------------
     0 | D:1      | dorian the Draconian Fire Elementalist began the quest for
                  | the Orb.
     0 | D:1      | Reached XP level 1. HP: 14/14 MP: 3/3
   272 | D:1      | Reached XP level 2. HP: 15/20 MP: 3/5
   685 | D:1      | Reached skill level 2 in Conjurations
  1090 | D:1      | Reached XP level 3. HP: 26/26 MP: 6/6
  1804 | D:1      | Reached XP level 4. HP: 21/33 MP: 0/7
  2220 | D:2      | Reached skill level 3 in Conjurations
  2596 | D:2      | Found a blossoming altar of Fedhas.
  2725 | D:2      | Found a burning altar of Makhleb.
  2728 | D:2      | Found a stormy altar of Qazlal.
  2731 | D:2      | Found an iron altar of Okawaru.
  2956 | D:2      | Found a runed translucent door.
  2957 | D:2      | Noticed Crazy Yiuf
  2975 | D:2      | Killed Crazy Yiuf
  2975 | D:2      | Reached XP level 5. HP: 31/38 MP: 3/9
  3104 | D:3      | Found a bloodstained altar of Trog.
  3693 | D:3      | Reached skill level 4 in Conjurations
  4520 | D:3      | Reached XP level 6. HP: 45/45 MP: 4/11
  5160 | D:4      | You fall into a shaft and drop 2 floors!
  5165 | D:5      | Entered Level 5 of the Dungeon
  5198 | D:4      | Reached skill level 5 in Conjurations
  5324 | D:4      | Your scales start taking on a glossy black colour.
  5324 | D:4      | Reached XP level 7. HP: 44/50 MP: 2/12
  5324 | D:4      | Gained mutation: You are resistant to electric shocks.
                  | (rElec) [Black Draconian growth]
  5457 | D:4      | Found a sacrificial altar of Ru.
  5491 | D:4      | Reached skill level 5 in Fire Magic
  6116 | D:4      | Learned a level 3 spell: Conjure Flame
  6121 | D:4      | Learned a level 4 spell: Sticky Flame
  6158 | D:5      | Reached skill level 6 in Conjurations
  7178 | D:6      | Reached XP level 8. HP: 50/57 MP: 11/14
  7335 | D:6      | Found a shadowy altar of Dithmenos.
  7340 | D:6      | Noticed Eustachio
  7351 | D:6      | Killed Eustachio
  7351 | D:6      | Reached skill level 7 in Conjurations
  7357 | D:6      | Reached skill level 5 in Spellcasting
  7524 | D:6      | Found Lurolor's Armour Shoppe.
  8088 | D:6      | Found a sparkling altar of Nemelex Xobeh.
  8184 | D:6      | Reached skill level 8 in Conjurations
  8309 | D:6      | Found a basalt altar of Yredelemnul.
  8510 | D:7      | Learned a level 3 spell: Stone Arrow
  8528 | D:7      | Reached XP level 9. HP: 62/62 MP: 9/17
  8595 | D:7      | Found a staircase to the Ecumenical Temple.
  8617 | Temple   | Entered the Ecumenical Temple
  8659 | Temple   | Became a worshipper of Vehumet
  8697 | D:7      | Got a scorched hand axe
  8698 | D:7      | Identified the +1 hand axe "Giantbane" {vorpal, Stlth+}
                  | (You found it on level 7 of the Dungeon)
  9059 | D:7      | Found Uzuv Goc's Jewellery Shoppe.
  9307 | D:8      | Reached skill level 9 in Conjurations
  9858 | D:8      | Reached * piety under Vehumet
  9858 | D:8      | Offered knowledge of Freeze by Vehumet.
  9930 | D:8      | Found a shimmering blue altar of Sif Muna.
 10171 | D:8      | Found a hide-covered altar of Uskayaw.
 10362 | D:9      | Noticed a two-headed ogre
 10415 | D:9      | Learned a level 5 spell: Fireball
 10974 | D:9      | Killed a two-headed ogre
 10974 | D:9      | Reached skill level 10 in Conjurations
 11148 | D:9      | Reached XP level 10. HP: 69/69 MP: 12/20
 11306 | D:10     | Entered Level 10 of the Dungeon
 11320 | D:10     | Noticed a cyclops
 11334 | D:10     | Killed a cyclops
 11621 | D:10     | Found a staircase to the Orcish Mines.
 11866 | D:10     | Reached skill level 11 in Conjurations
 11946 | D:10     | Noticed a two-headed ogre
 11962 | D:10     | Killed a two-headed ogre
 12856 | D:10     | Reached ** piety under Vehumet
 12871 | D:10     | Offered knowledge of Shock by Vehumet.
 13218 | D:10     | Reached XP level 11. HP: 52/74 MP: 19/23
 13371 | D:11     | Noticed a white ugly thing
 13383 | D:11     | Killed a white ugly thing
 13383 | D:11     | Reached skill level 12 in Conjurations
 14253 | D:11     | Noticed a two-headed ogre
 14261 | D:11     | Killed a two-headed ogre
 14821 | D:11     | Offered knowledge of Dazzling Flash by Vehumet.
 14979 | D:11     | Noticed a death yak
 14980 | D:11     | Noticed a death yak
 15060 | D:11     | Found a staircase to the Lair.
 15064 | D:11     | Noticed a death yak
 15070 | D:11     | Killed a death yak
 15324 | D:11     | Paralysed by a hornet for 3 turns
 15831 | D:11     | Killed a death yak
 15848 | D:11     | Killed a death yak
 15848 | D:11     | Reached skill level 13 in Conjurations
 16062 | Lair:1   | Entered Level 1 of the Lair of Beasts
 16062 | Lair:1   | Noticed Nergalle
 16274 | Orc:1    | Entered Level 1 of the Orcish Mines
 16276 | Orc:1    | Reached *** piety under Vehumet
 16276 | Orc:1    | Reached skill level 10 in Fire Magic
 16543 | D:11     | Learned a level 7 spell: Orb of Destruction
 17106 | D:12     | Offered knowledge of Iskenderun's Mystic Blast by Vehumet.
 17112 | D:12     | Noticed a purple ugly thing
 17212 | D:12     | Killed a purple ugly thing
 17982 | D:11     | Killed Nergalle
 17982 | D:11     | Reached XP level 12. HP: 55/81 MP: 3/25
 18096 | Lair:1   | Noticed Sonja
 18747 | Orc:2    | Entered Level 2 of the Orcish Mines
 19211 | Orc:2    | Reached **** piety under Vehumet
 19393 | Orc:2    | Offered knowledge of Mephitic Cloud by Vehumet.
 19643 | Orc:2    | Reached skill level 14 in Conjurations
 19653 | Orc:2    | Learned a level 3 spell: Mephitic Cloud
 19676 | Orc:2    | Found a runed translucent gate.
 19679 | Orc:2    | Found a runed translucent gate.
 19679 | Orc:2    | Noticed a merfolk impaler
 19679 | Orc:2    | Noticed Vidiiot's ghost (journeyman DDFi)
 19680 | Orc:2    | Found a runed translucent gate.
 19680 | Orc:2    | Noticed a minotaur
 19681 | Orc:2    | Noticed a centaur warrior
 19682 | Orc:2    | Noticed a naga warrior
 19683 | Orc:2    | Found an iron altar of Okawaru.
 20228 | Orc:2    | HP: 1/82 [orc knight/bolt (18)]
 20231 | Orc:2    | Reached skill level 1 in Fighting
 20234 | Orc:2    | Shot with an arrow by a centaur

Illustrated notes

Levels and vault maps discovered:
D:1:      ebering_trefoil_3fold, layout_basic, skrybe_limestone_x
D:2:      minmay_door_path, layout_rooms, grunt_temple_overflow_diamond,
          lemuel_crystal_altar, uniq_crazy_yiuf_cottage
D:3:      layout_basic, marbit_many_paths, first_ration
D:4:      minmay_spotlight, layout_loops_cross, overflow_temple_1_default
D:5:      layout_gridville
D:6:      layout_loops_cross, nemelex_xobeh_ov_fountains_minmay,
          yredelemnul_forgotten_temple_becter, old_standard_altar, serial_shops,
          shop, serial_glass, glass_columns_a, glass_columns_a, uniq_eustachio
D:7:      layout_rooms, minmay_temple_entry_wispy, serial_shops,
          nicolae_shop_stone
D:8:      layout_cave_pools, nicolae_overflow_hidden_temple,
          kennysheep_little_box, serial_co_window_serial, co_window_corner_a,
          co_window_cross_1, co_window_paths_a, co_window_of_opportunity_a,
          co_window_paths_b, co_window_unsneaky_path_c,
          co_window_of_opportunity_c, co_window_corner_b, co_window_sun,
          co_window_4corner_a, glass_columns_c, glass_columns_a,
          glass_columns_a, glass_columns_b, glass_columns_a,
          hangedman_little_slice_of_home
D:9:      layout_rooms, minmay_stone_trees_large
D:10:     layout_roguey, orc_0_dummy
D:11:     layout_loops_corners, dpeg_lair_monsters
D:12:     layout_basic
Temple:   jpeg_temple_clearing
Lair:1:   layout_regular_city, wad_woods_road_03, uniq_nergalle, uniq_fannar,
          uniq_sonja, uniq_grum
Orc:1:    layout_caves, portal_ice_cave_entry_ice_beasts, uniq_erica
Orc:2:    st_orc_rangers, layout_diamond_mine, gammafunk_ghost_fury_of_okawaru,
          gauntlet_entry_generic

Skill      XL: |  1  2  3  4  5  6  7  8  9 10 11 12 |
---------------+-------------------------------------+-----
Conjurations   | 2 3 4 5 6 8 10 11 13 14 | 14.1
Spellcasting   | 3 4 5 6 8 9 |  9.7
Fire Magic     | 4 5 6 7 9 10 | 10.7
Dodging        | 2 |  2.1
Fighting       | 1 |  1.1
Stealth        | |  1.7

Action                   |  1- 3 |  4- 6 |  7- 9 | 10-12 || total
-------------------------+-------+-------+-------+-------++-------
Melee: Unarmed           |    39 |       |       |       ||    39
       Tailslap          |     7 |    26 |    17 |    14 ||    64
       Dagger            |    14 |   217 |   156 |   115 ||   502
 Cast: Foxfire           |    46 |    96 |   175 |   309 ||   626
       Sticky Flame      |       |       |    13 |    66 ||    79
       Stone Arrow       |       |       |     6 |    30 ||    36
       Conjure Flame     |       |       |     3 |    12 ||    15
       Fireball          |       |       |       |    38 ||    38
       Mephitic Cloud    |       |       |       |     2 ||     2
       Orb of Destructio |       |       |       |     1 ||     1
 Abil: Breathe Lightning |       |       |     1 |     1 ||     2
Evoke: Wand              |       |       |     6 |     1 ||     7
  Use: Scroll            |       |     1 |    15 |     1 ||    17
       Potion            |       |       |     6 |     1 ||     7
 Stab: Sleeping          |     1 |     4 |     2 |       ||     7
       Distracted        |       |       |     1 |       ||     1
       Paralysed         |       |       |     4 |       ||     4
  Eat: Chunk             |     3 |    12 |    17 |    19 ||    51
       Ration            |       |       |     1 |     7 ||     8
Armor: Skin              |    17 |    44 |    77 |   113 ||   251
Dodge: Dodged            |    48 |   105 |   118 |   119 ||   390
